 Dungeon Crawl Stone Soup version 0.26.1-11-gd32895ea62 (webtiles) character file.

Game seed: 8380753459851271778

12841 Almogavar the Protected (level 11, -1/86 HPs)
             Began as a Gnoll Wanderer on May 18, 2021.
             Was a Believer of Makhleb.
             Slain by a shadow (21 damage)
             ... on level 11 of the Dungeon on May 19, 2021.
             The game lasted 00:50:04 (14190 turns).

Almogavar the Protected (Gnoll Wanderer)           Turns: 14190, Time: 00:50:08

Health: -1/86      AC: 19    Str: 17    XL:     11   Next: 99%
Magic:  21/21      EV: 11    Int: 16    God:    Makhleb [**....]
Gold:   912        SH:  6    Dex: 18    Spells: 23/23 levels left

rFire    . . .     SeeInvis .   A - +7 long sword "Xots" {vorpal, Dex+4}
rCold    + . .     Faith    .   O - +0 buckler
rNeg     + . .     Spirit   .   a - +3 chain mail
rPois    .         Reflect  .   x - +0 helmet
rElec    .         Harm     .   (no cloak)
rCorr    .         Rampage  .   B - +0 pair of gloves
Will     .....                  L - +0 pair of boots
Stlth    +.........             (no amulet)
HPRegen  0.24/turn              r - ring of positive energy
MPRegen  0.17/turn              R - ring of protection from cold

@: studying Armour
A: distributed training, fangs 1, strong nose
a: Renounce Religion, Minor Destruction


You were on level 11 of the Dungeon.
You worshipped Makhleb.
Makhleb was pleased with you.
You visited 2 branches of the dungeon, and saw 12 of its levels.
You also visited: Bailey.

You collected 912 gold pieces.

Inventory:

Hand Weapons
 p - a +2 vorpal great mace
 A - the +7 long sword "Xots" (weapon) {vorpal, Dex+4}
   (You found it on level 4 of the Dungeon)

   It inflicts extra damage upon your enemies.
   It affects your dexterity (+4).
 D - a +0 vampiric executioner's axe
Missiles
 f - 151 stones
 h - 87 sling bullets
 i - 3 poisoned darts
 o - 187 arrows
 C - 40 bolts
 J - 11 javelins
 T - 4 curare-tipped darts (quivered)
Armour
 a - a +3 chain mail (worn)
 x - a +0 helmet (worn)
 B - a +0 pair of gloves (worn)
 L - a +0 pair of boots (worn)
 O - a +0 buckler (worn)
Jewellery
 b - an uncursed ring of flight
 r - a ring of positive energy (left hand)
 F - an uncursed ring of protection from cold
 M - a +6 ring of dexterity
 R - a ring of protection from cold (right hand)
Wands
 k - a wand of paralysis (2)
 w - a wand of digging (14)
 H - a wand of acid (6)
 I - a wand of enslavement (5)
 Q - a wand of polymorph (10)
 U - a wand of flame (8)
Scrolls
 d - 3 scrolls of amnesia
 e - 3 scrolls of enchant armour
 g - 2 scrolls of fear
 l - 2 scrolls of fog
 m - 3 scrolls of remove curse
 s - 4 scrolls of enchant weapon
 y - 2 scrolls of magic mapping {unknown}
 E - 4 scrolls of teleportation {unknown}
 S - a scroll of blinking {unknown}
Potions
 c - a potion of lignification
 j - a potion of might
 n - 2 potions of resistance
 q - a potion of brilliance
 t - 2 potions of curing
 u - 2 potions of magic {unknown}
 z - a potion of cancellation {unknown}
 G - a potion of haste {unknown}
 K - 3 potions of degeneration {unknown}
 N - a potion of heal wounds
 P - a potion of invisibility {unknown}
Books
 v - a manual of Armour


   Skills:
 + Level 8.3 Fighting
 + Level 6.8 Short Blades
 + Level 6.8 Long Blades
 + Level 6.8 Axes
 + Level 8.3 Maces & Flails
 + Level 6.8 Polearms
 + Level 6.8 Staves
 + Level 6.8 Slings
 + Level 6.8 Bows
 + Level 6.8 Crossbows
 + Level 6.8 Throwing
 + Level 11.6 Armour
 + Level 6.8 Dodging
 + Level 6.8 Stealth
 + Level 7.3 Shields
 + Level 6.8 Unarmed Combat
 + Level 6.8 Spellcasting
 + Level 5.6 Conjurations
 + Level 5.6 Hexes
 + Level 5.6 Summonings
 + Level 5.6 Necromancy
 + Level 5.6 Translocations
 + Level 5.6 Transmutations
 + Level 5.6 Fire Magic
 + Level 5.6 Ice Magic
 + Level 5.6 Air Magic
 + Level 5.6 Earth Magic
 + Level 5.6 Poison Magic
 + Level 7.5 Invocations
 + Level 7.3 Evocations


You had 23 spell levels left.
You didn't know any spells.
Your spell library contained the following spells:

 Spells                   Type           Power        Failure   Level
 Animate Skeleton         Necr           46%          11%         1
 Beastly Appendage        Tmut           46%          11%         1
 Corona                   Hex            25%          11%         1
 Pain                     Necr           92%          11%         1
 Ensorcelled Hibernation  Hex/Ice        46%          16%         2
 Wereblood                Tmut           23%          16%         2
 Confusing Touch          Hex            23%          32%         3
 Dazzling Flash           Conj/Hex       46%          32%         3
 Spider Form              Tmut/Pois      11%          32%         3
 Tukima's Dance           Hex            23%          32%         3
 Vampiric Draining        Necr           11%          32%         3
 Animate Dead             Necr           11%          71%         4
 Ice Form                 Ice/Tmut       23%          71%         4
 Agony                    Necr           23%          96%         5
 Blade Hands              Tmut           11%          96%         5
 Haunt                    Necr/Summ      11%          100%        7
 Borgnjor's Revivificati  Necr           11%          100%        8
 Infestation              Necr           11%          100%        8
 Necromutation            Tmut/Necr      11%          100%        8
 Death's Door             Necr           11%          100%        9


Dungeon Overview and Level Annotations

Branches:
Dungeon (11/15)            Temple (1/1) D:7          Bailey (visited)
   Lair: D:8-11         Orc: D:9-12

Altars:
Ashenzari
Cheibriados
Dithmenos
Elyvilon
Fedhas
Gozag
Hepliaklqana
Kikubaaqudgha
Makhleb
Nemelex Xobeh
Okawaru
Qazlal
Ru
Sif Muna
Trog
Uskayaw
Vehumet
Wu Jian
Xom
Yredelemnul
Zin
The Shining One

Shops:
D:4 (   D:5 (   D:7 ::   D:8 (

Annotations:
D:4 2 transporters, Almogavar's ghost, novice BaBe


Innate Abilities, Weirdness & Mutations

Your experience applies equally to all skills.
You have very sharp teeth.
Your uncanny sense of smell can sniff out nearby items.


Message History

The yak gores you. You block the shadow's attack.
The yak gores you but does no damage.
You hit the yak.
The yak is heavily wounded.
You block something's attack. The shadow barely misses you.
You riposte.
You barely miss the shadow. The yak gores you!
* * * LOW HITPOINT WARNING * * *
The shadow closely misses you.
You closely miss the yak. You bite the yak, but do no damage.
The yak is heavily wounded.
Something hits you but does no damage. You block the yak's attack.
The shadow slips into darkness.
The shadow flickers and vanishes!
You closely miss the yak.
The yak is heavily wounded.
Something hits you but does no damage. Something hits you.
* * * LOW HITPOINT WARNING * * *
The yak gores you but does no damage.
The shadow strikes at you from the darkness!
You die...

#.........................
##.....###.....###.......#
##....###..#...≈...#.. ..
#..##.......#..#.. .#.
##......#.##.P _. ###....#
. . ##....### . ##......##
#......@†# #.....#.Y{#
....###.#..# .#.# ###....
#.. ..... .. .......
....... .......


You could see a yak.

Vanquished Creatures
  3 two-headed ogres
  Sonja (D:10)
  An ugly thing (D:11)
  A troll (D:6)
  Sigmund (D:6)
  17 yaks
  A wraith (D:11)
  Grum (D:8)
  2 water moccasins
  A phantom (D:8)
  2 ice beasts
  13 orc warriors
  4 sky beasts
  5 ogres
  2 black bears
  4 wolves (D:8)
  8 centaurs
  7 bullfrogs
  2 wyvern zombies
  A water moccasin zombie (D:4)
  2 scorpions
  9 wights (D:10)
  3 howler monkeys
  8 electric eels
  3 bullfrog zombies
  6 hounds
  4 bullfrog skeletons
  5 orc priests
  2 jellies
  3 centaur skeletons
  4 iguanas
  6 orc wizards
  7 worker ants
  2 hound skeletons
  A howler monkey zombie (D:9)
  6 gnolls (D:4)
  14 adders
  3 shadow imps
  4 white imps
  3 ufetubi
  An ooze (D:1)
  An adder zombie (D:9)
  An adder skeleton (D:5)
  4 worms
  A dart slug (D:2)
  4 leopard geckos
  53 orcs
  A ball python (D:1)
  6 giant cockroaches
  7 goblins
  10 hobgoblins
  3 jackals (D:6)
  7 kobolds
  7 quokkas
  8 bats
  5 frilled lizards
  A quokka skeleton (D:7)
  4 rats
296 creatures vanquished.

Vanquished Creatures (collateral kills)
  A centaur (Bailey)
  A scorpion (D:8)
  A white imp (D:8)
  An orc (D:8)
4 creatures vanquished.

Vanquished Creatures (others)
  A quokka (D:6)
  9 plants
10 creatures vanquished.

Grand Total: 310 creatures vanquished

Notes
Turn   | Place    | Note
-------+----------+-------------------------------------------
     0 | D:1      | Almogavar the Gnoll Wanderer began the quest for the Orb.
     0 | D:1      | Almogavar set off with the following items: a +0 mace, a +2
                  | scale mail, a potion of lignification
     0 | D:1      | Reached XP level 1. HP: 20/20 MP: 1/1
   113 | D:1      | Reached XP level 2. HP: 26/26 MP: 2/2
   678 | D:1      | Reached XP level 3. HP: 27/31 MP: 3/3
  1220 | D:2      | Reached skill level 1 in Invocations
  1444 | D:2      | Reached skill level 1 in Short Blades
  1444 | D:2      | Reached skill level 1 in Long Blades
  1444 | D:2      | Reached skill level 1 in Axes
  1444 | D:2      | Reached skill level 1 in Polearms
  1444 | D:2      | Reached skill level 1 in Staves
  1444 | D:2      | Reached skill level 1 in Slings
  1444 | D:2      | Reached skill level 1 in Bows
  1444 | D:2      | Reached skill level 1 in Crossbows
  1444 | D:2      | Reached skill level 1 in Throwing
  1444 | D:2      | Reached skill level 1 in Dodging
  1444 | D:2      | Reached skill level 1 in Stealth
  1444 | D:2      | Reached skill level 1 in Unarmed Combat
  1444 | D:2      | Reached skill level 1 in Spellcasting
  1478 | D:2      | Reached XP level 4. HP: 27/38 MP: 5/5
  2240 | D:3      | Found a basalt altar of Yredelemnul.
  2268 | D:3      | Reached skill level 1 in Conjurations
  2268 | D:3      | Reached skill level 1 in Hexes
  2268 | D:3      | Reached skill level 1 in Summonings
  2268 | D:3      | Reached skill level 1 in Necromancy
  2268 | D:3      | Reached skill level 1 in Translocations
  2268 | D:3      | Reached skill level 1 in Transmutations
  2268 | D:3      | Reached skill level 1 in Fire Magic
  2268 | D:3      | Reached skill level 1 in Ice Magic
  2268 | D:3      | Reached skill level 1 in Air Magic
  2268 | D:3      | Reached skill level 1 in Earth Magic
  2268 | D:3      | Reached skill level 1 in Poison Magic
  2449 | D:3      | Found a sacrificial altar of Ru.
  2597 | D:3      | Reached XP level 5. HP: 38/43 MP: 6/6
  2688 | D:4      | Found a transporter.
  2703 | D:4      | Noticed Almogavar's ghost (novice BaBe)
  2704 | D:4      | Noticed an ogre
  2713 | D:4      | Found a transporter.
  2737 | D:4      | Found Ogism's Antique Weapon Emporium.
  3073 | D:4      | Reached XP level 6. HP: 40/50 MP: 8/8
  3273 | D:4      | Reached skill level 5 in Fighting
  3273 | D:4      | Reached skill level 5 in Maces & Flails
  3908 | D:4      | Reached XP level 7. HP: 52/56 MP: 10/10
  3985 | D:4      | Got a crude long sword
  3986 | D:4      | Identified the +7 long sword "Xots" {vorpal, Dex+4} (You
                  | found it on level 4 of the Dungeon)
  4307 | D:5      | Entered Level 5 of the Dungeon
  4387 | D:5      | Reached skill level 9 in Armour
  4830 | D:5      | Found Tatiet's Antique Weapon Emporium.
  4834 | D:5      | Reached XP level 8. HP: 57/63 MP: 12/12
  5055 | D:6      | Noticed Sigmund
  5064 | D:6      | Killed Sigmund
  5127 | D:6      | Found a glowing golden altar of the Shining One.
  5163 | D:6      | Noticed a troll
  5191 | D:6      | Killed a troll
  5234 | D:6      | HP: 2/64 [bullfrog (5)]
  5633 | D:6      | Found a white marble altar of Elyvilon.
  5780 | D:6      | Found a stormy altar of Qazlal.
  5854 | D:6      | Reached XP level 9. HP: 67/69 MP: 14/14
  6707 | D:7      | Found a sparkling altar of Nemelex Xobeh.
  6713 | D:7      | Found a flagged portal.
  6727 | Bailey   | Entered a bailey
  6755 | Bailey   | Reached skill level 5 in Shields
  6755 | Bailey   | Reached skill level 5 in Evocations
  7432 | Bailey   | Reached skill level 5 in Invocations
  7923 | Bailey   | Reached XP level 10. HP: 26/77 MP: 17/17
  8693 | D:7      | Reached skill level 5 in Short Blades
  8693 | D:7      | Reached skill level 5 in Long Blades
  8693 | D:7      | Reached skill level 5 in Axes
  8693 | D:7      | Reached skill level 5 in Polearms
  8693 | D:7      | Reached skill level 5 in Staves
  8693 | D:7      | Reached skill level 5 in Slings
  8693 | D:7      | Reached skill level 5 in Bows
  8693 | D:7      | Reached skill level 5 in Crossbows
  8693 | D:7      | Reached skill level 5 in Throwing
  8693 | D:7      | Reached skill level 5 in Dodging
  8693 | D:7      | Reached skill level 5 in Stealth
  8693 | D:7      | Reached skill level 5 in Unarmed Combat
  8693 | D:7      | Reached skill level 5 in Spellcasting
  8696 | D:7      | Found Racwew's Book Boutique.
  8832 | D:7      | Reached skill level 10 in Armour
  8943 | D:7      | Found a stormy altar of Qazlal.
  9037 | D:7      | Found Qeifer's Book Shop.
  9066 | D:7      | Found a staircase to the Ecumenical Temple.
  9075 | Temple   | Entered the Ecumenical Temple
  9262 | Temple   | Became a worshipper of Makhleb the Destroyer
  9417 | D:8      | Noticed Grum
  9435 | D:8      | Killed Grum
 10502 | D:8      | Found Fetuv's Antique Weapon Shoppe.
 10682 | D:8      | Found an iron altar of Okawaru.
 10992 | D:9      | Reached * piety under Makhleb
 11142 | D:9      | Noticed a two-headed ogre
 11151 | D:9      | Killed a two-headed ogre
 11290 | D:9      | Found a radiant altar of Vehumet.
 11447 | D:9      | Noticed a two-headed ogre
 11453 | D:9      | Killed a two-headed ogre
 11454 | D:9      | Reached XP level 11. HP: 84/84 MP: 19/19
 11720 | D:9      | Reached skill level 5 in Conjurations
 11720 | D:9      | Reached skill level 5 in Hexes
 11720 | D:9      | Reached skill level 5 in Summonings
 11720 | D:9      | Reached skill level 5 in Necromancy
 11720 | D:9      | Reached skill level 5 in Translocations
 11720 | D:9      | Reached skill level 5 in Transmutations
 11720 | D:9      | Reached skill level 5 in Fire Magic
 11720 | D:9      | Reached skill level 5 in Ice Magic
 11720 | D:9      | Reached skill level 5 in Air Magic
 11720 | D:9      | Reached skill level 5 in Earth Magic
 11720 | D:9      | Reached skill level 5 in Poison Magic
 12160 | D:10     | Entered Level 10 of the Dungeon
 12317 | D:10     | Reached skill level 11 in Armour
 12675 | D:10     | Reached ** piety under Makhleb
 12790 | D:10     | Noticed Sonja
 12801 | D:10     | Killed Sonja
 12862 | D:10     | Noticed a two-headed ogre
 12877 | D:10     | Killed a two-headed ogre
 13700 | D:11     | Noticed a white ugly thing
 13722 | D:11     | Killed a white ugly thing
 14139 | D:11     | Found a glowing golden altar of the Shining One.
 14190 | D:11     | Slain by a shadow

Illustrated notes

Levels and vault maps discovered:
D:1:      nzn_arrival_settlement, layout_loops_ring
D:2:      layout_loops_cross
D:3:      layout_rooms, old_standard_altar, old_standard_altar
D:4:      minmay_diamond_boxcup, layout_layer_cave, gammafunk_ghost_smash,
          minmay_shop_grid_forest, minivault_26
D:5:      layout_rooms, serial_shops, nicolae_shop_trees
D:6:      cheibrodos_two_vegetables, layout_loops_ring, grunt_qazlal_clouds,
          basic_altar, elyvilon_altar_4, uniq_sigmund
D:7:      layout_cave_pools, nemelex_xobeh_ov_fountains_minmay,
          minmay_temple_entry_large_hall, enter_bailey_2, serial_column_ruins,
          column_ruins_circle_medium, column_ruins_hut_ruined,
          column_ruins_grid_1, column_ruins_open_tiny_water,
          column_ruins_open_small, column_ruins_columns_plus, basic_altar,
          serial_shops, shop, nicolae_shop_stone
D:8:      layout_basic, serial_shops, shop, okawaru_trees_2, uniq_grum
D:9:      layout_grid_maze, lemuel_coloured_pillars_altar
D:10:     layout_basic, uniq_sonja
D:11:     layout_cave_pools, dpeg_oklobed_lair, tso_metal_star
Temple:   regret_index_temple_sphere_string

Skill      XL: |  1  2  3  4  5  6  7  8  9 10 11 |
---------------+----------------------------------+-----
Invocations    | 1 2 3 4 5 6 7 |  7.5
Short Blades   | 1 2 3 4 5 6 |  6.8
Long Blades    | 1 2 3 4 5 6 |  6.8
Axes           | 1 2 3 4 5 6 |  6.8
Polearms       | 1 2 3 4 5 6 |  6.8
Staves         | 1 2 3 4 5 6 |  6.8
Slings         | 1 2 3 4 5 6 |  6.8
Bows           | 1 2 3 4 5 6 |  6.8
Crossbows      | 1 2 3 4 5 6 |  6.8
Throwing       | 1 2 3 4 5 6 |  6.8
Dodging        | 1 2 3 4 5 6 |  6.8
Stealth        | 1 2 3 4 5 6 |  6.8
Unarmed Combat | 1 2 3 4 5 6 |  6.8
Spellcasting   | 1 2 3 4 5 6 |  6.8
Conjurations   | 1 2 3 4 5 |  5.6
Hexes          | 1 2 3 4 5 |  5.6
Summonings     | 1 2 3 4 5 |  5.6
Necromancy     | 1 2 3 4 5 |  5.6
Translocations | 1 2 3 4 5 |  5.6
Transmutations | 1 2 3 4 5 |  5.6
Fire Magic     | 1 2 3 4 5 |  5.6
Ice Magic      | 1 2 3 4 5 |  5.6
Air Magic      | 1 2 3 4 5 |  5.6
Earth Magic    | 1 2 3 4 5 |  5.6
Poison Magic   | 1 2 3 4 5 |  5.6
Shields        | 3 4 5 6 7 |  7.3
Evocations     | 3 4 5 6 7 |  7.3
Fighting       | 5 6 7 8 |  8.3
Maces & Flails | 5 6 7 8 |  8.3
Armour         | 9 10 11 | 11.6

Action                   |  1- 3 |  4- 6 |  7- 9 | 10-12 || total
-------------------------+-------+-------+-------+-------++-------
Melee: Mace              |    88 |       |       |       ||    88
       Bite              |     8 |     9 |    17 |    60 ||    94
       Great mace        |    31 |   108 |    14 |       ||   153
       Long sword        |       |       |   170 |   392 ||   562
       Punch             |       |       |     4 |     7 ||    11
Throw: Dart              |       |     5 |    37 |    59 ||   101
       Stone             |       |     3 |     1 |    26 ||    30
       Boomerang         |       |       |    96 |       ||    96
       Javelin           |       |       |     3 |    22 ||    25
Evoke: Wand              |       |       |    18 |     4 ||    22
  Use: Scroll            |       |     5 |     2 |     5 ||    12
       Potion            |       |       |     1 |     3 ||     4
 Stab: Sleeping          |       |       |     1 |       ||     1
       Paralysed         |       |       |       |     1 ||     1
Armor: Scale mail        |    67 |    60 |   100 |    12 ||   239
       Chain mail        |       |       |       |   174 ||   174
Dodge: Dodged            |    76 |    62 |   138 |   195 ||   471
Block: Buckler           |       |       |       |    65 ||    65
       Rpst.: Long sword |       |       |    35 |    51 ||    86
